 Dungeon Crawl Stone Soup version 0.30-a0-845-g7c6808c8ce (webtiles) character file.

Game seed: 4792532189156197379

9115 Esekla the Covert (level 11, -2/74 HPs)
             Began as an Octopode Delver on Mar 3, 2023.
             Was an Initiate of Gozag.
             Killed from afar by an acid dragon (37 damage)
             ... with a splash of acid
             ... on level 10 of the Dungeon.
             The game lasted 00:54:09 (11171 turns).

Esekla the Covert (Octopode Delver)                Turns: 11171, Time: 00:54:10

Health: -2/74      AC:  8    Str: 23    XL:     11   Next: 41%
Magic:  20/20      EV: 16    Int: 17    God:    Gozag
Gold:   1098       SH:  0    Dex: 14    Spells: 19/22 levels left

rFire   . . .      SeeInvis +    a - +4 scimitar
rCold   . . .      Faith    .    (no shield)
rNeg    . . .      Spirit   .    (helmet restricted)
rPois   .          Reflect  .    (no amulet)
rElec   .          Rampage  .    q - +4 ring of protection
rCorr   .                        u - ring of see invisible
Will    ++...                    L - ring of willpower
Stlth   +++++                    O - +6 ring of strength
HPRegen 0.32/turn                P - ring of willpower
MPRegen 0.17/turn                Q - +6 ring of strength
                                 (no ring)
                                 (no ring)

@: mighty, ice-armoured, corroded
A: almost no armour, amphibious, 8 rings, camouflage 1, gelatinous body 1,
(nimble swimmer 1), tentacles
a: Renounce Religion, Potion Petition, Call Merchant, Bribe Branch


You were on level 10 of the Dungeon.
You worshipped Gozag.
Gozag was most pleased with you.
You visited 2 branches of the dungeon, and saw 11 of its levels.
You also visited: Ossuary.

You collected 2294 gold pieces.
You spent 440 gold pieces at shops.
You paid 756 gold pieces to Gozag.

Inventory:

Hand Weapons
 a - a +4 scimitar (weapon)
 r - the +11 spear of Duah Cer {freeze, rF+ Int+2}
   (You bought it in a shop on level 6 of the Dungeon)

   Int:       It affects your intelligence (+2).
   rF:        It protects you from fire.
 s - a +1 dagger of protection
 G - a +2 dagger of venom
 M - a +3 great sword
Missiles
 i - 17 poisoned darts (quivered)
 R - a throwing net
Jewellery
 q - a +4 ring of protection (left tentacle)
 u - a ring of see invisible (right tentacle)
 L - a ring of willpower (on tentacle)
 O - a +6 ring of strength (on tentacle)
 P - a ring of willpower (on tentacle)
 Q - a +6 ring of strength (on tentacle)
Wands
 f - a wand of digging (7)
 m - a wand of roots (17)
 w - a wand of flame (33)
Scrolls
 b - 3 scrolls of fog
 d - 3 scrolls of amnesia {unknown}
 g - 3 scrolls of noise {unknown}
 h - 6 scrolls of teleportation
 j - 4 scrolls of enchant weapon {unknown}
 l - 4 scrolls of identify
 t - a scroll of torment {unknown}
 v - a scroll of enchant armour {unknown}
 y - 2 scrolls of silence {unknown}
 A - 2 scrolls of brand weapon {unknown}
 B - a scroll of fear
 C - 3 scrolls of immolation {unknown}
 D - a scroll of poison {unknown}
 E - a scroll of magic mapping
 H - 4 scrolls of blinking {unknown}
Potions
 c - 4 potions of might
 e - a potion of haste
 k - 3 potions of brilliance {unknown}
 n - 3 potions of berserk rage
 o - 4 potions of heal wounds
 p - a potion of resistance {unknown}
 x - 3 potions of attraction {unknown}
 z - a potion of flight {unknown}
 F - 3 potions of lignification
 I - 2 potions of ambrosia {unknown}
 J - a potion of experience {unknown}
 K - a potion of degeneration {unknown}
 N - a potion of invisibility {unknown}


   Skills:
 * Level 6.9 Fighting
 + Level 5.4(6.8) Short Blades
 * Level 6.2(7.2) Long Blades
 + Level 0.1 Polearms
 + Level 1.0 Throwing
 * Level 7.2 Dodging
 - Level 10.0 Stealth
 * Level 6.2 Spellcasting
 * Level 3.7 Transmutations
 * Level 6.4 Ice Magic
 * Level 4.0 Earth Magic


You had 19 spell levels left.
You knew the following spells:

 Your Spells              Type           Power      Damage    Failure   Level
a - Ozocubu's Armour      Ice            27%        N/A       2%          3

Your spell library contained the following spells:

 Spells                   Type           Power      Damage    Failure   Level
 Summon Small Mammal      Summ           20%        N/A       13%         1
 Petrify                  Tmut/Erth      18%        N/A       26%         4
 Call Canine Familiar     Summ           5%         N/A       36%         3
 Summon Guardian Golem    Hex/Summ       5%         N/A       36%         3
 Metabolic Englaciation   Hex/Ice        8%         N/A       67%         5
 Statue Form              Tmut/Erth      12%        N/A       98%         6
 Ozocubu's Refrigeration  Ice            13%        4d10      100%        7


Dungeon Overview and Level Annotations

Branches:
Dungeon (10/15)            Temple (1/1) D:5            Lair (0/5) D:10
    Orc (0/2) D:10        Ossuary (visited)

Altars:
Ashenzari
Cheibriados
Dithmenos
Elyvilon
Fedhas
Gozag
Hepliaklqana
Kikubaaqudgha
Makhleb
Nemelex Xobeh
Okawaru
Qazlal
Ru
Sif Muna
Trog
Uskayaw
Vehumet
Wu Jian
Xom
Yredelemnul
Zin
The Shining One

Shops:
D:6 (   D:9 [   D:10 !

Annotations:
D:9 vampire


Innate Abilities, Weirdness & Mutations

You cannot wear most types of armour.
You are amphibious.
You can wear up to eight rings at the same time.
Your skin changes colour to match your surroundings (Stealth+).
Your rubbery body absorbs attacks. (AC +1, EV +1)
((You are camouflaged when in or above water. (Stealth+)))
You have tentacles for arms and can constrict up to eight enemies at once.


Message History

The acid dragon misses you.
You feel much better.
A warg comes into view.
The acid dragon barely misses you. The acid dragon misses you.
You completely miss the acid dragon. Your squeeze misses the acid dragon.
The acid dragon is severely wounded.
The acid dragon barely misses you. The acid dragon completely misses you.
The warg misses you.
You closely miss the acid dragon.
The acid dragon is severely wounded.
The acid dragon spits acid at you. The splash of acid hits you!
The acid corrodes you! The warg bites you but does no damage.
The acid dragon closely misses you.
The acid dragon claws you but does no damage.
You hit the acid dragon. Your squeeze misses the acid dragon.
The acid dragon is almost dead.
The warg closely misses you. The warg completely misses you.
The acid dragon bites you.
* * * LOW HITPOINT WARNING * * *
The acid dragon closely misses you.
You hit the acid dragon but do no damage.
The acid dragon is almost dead.
The warg bites you.
* * * LOW HITPOINT WARNING * * *
The acid dragon bites you.
* * * LOW HITPOINT WARNING * * *
The acid dragon closely misses you.
You feel much better. The warg closely misses you.
The acid dragon closely misses you. x2
You feel very mighty all of a sudden. The warg barely misses you.
The acid dragon bites you! The acid dragon claws you.
The warg barely misses you.
You barely miss the acid dragon.
The acid dragon is almost dead.
The warg bites you but does no damage. The acid dragon spits acid at you.
The splash of acid hits you!!!
Ouch! That really hurt!
You die...
Your body crumbles into a pile of gold.

.#
#.#.#.#.#.+..D####.$...##
##
#.#...#...######.........#
## ####'#######
#........?..## .#
#.......# #..D..D.......##
.#
#######'##....[..>........
.####
#...........P.........#.
'##>#
#......###.......P...##.
....## #.....h###
.[....##'.
...+.#####......@.# ....##
##. ...#.....'......#D#
...# #.
...#######......#... ##.
#. ...# #......###... ##
...# #......# ##.# ####
######## .. #


You could see a warg and an acid dragon (catching breath).

Vanquished Creatures
  A two-headed ogre (D:10)
  Pikel (D:6)
  A cyclops (D:7)
  4 kobold demonologists (D:9)
  A hornet (D:9)
  A troll (D:10)
  Grinder (D:4)
  2 shadows (D:10)
  A wraith (D:9)
  4 yaks
  2 wyverns
  Edmund (D:5)
  3 vampire mosquitoes (D:10)
  A warg (D:10)
  Duvessa (D:5)
  2 water moccasins (D:8)
  An orc warrior (D:10)
  A black bear (D:5)
  An ice beast (D:5)
  2 sky beasts (D:6)
  An ogre (D:7)
  4 centaurs
  4 lemures (D:6)
  2 kobold brigands
  3 phantoms
  An elf zombie (Ossuary)
  2 bullfrogs
  A gnoll sergeant (D:10)
  19 wights
  Dowan (D:5)
  4 killer bees (D:9)
  3 human zombies (Ossuary)
  2 jellies
  2 centaur zombies (Ossuary)
  3 hounds
  3 orc priests
  Crazy Yiuf (D:2)
  A gnoll bouda (D:6)
  An iguana (D:4)
  Natasha (thrice) (D:2)
  8 orc wizards
  3 hound zombies (Ossuary)
  4 mummies
  10 gnolls
  5 adders
  A white imp (D:5)
  An adder zombie (Ossuary)
  3 worms
  8 dart slugs
  26 orcs
  11 endoplasms
  7 giant cockroaches
  2 gnoll zombies (Ossuary)
  7 goblins
  5 hobgoblins
  6 jackals
  12 kobolds
  3 quokkas
  8 ball pythons
  6 bats
  12 frilled lizards
  2 goblin zombies (Ossuary)
  5 hobgoblin zombies (Ossuary)
  4 jackal zombies (Ossuary)
  2 kobold zombies (Ossuary)
  An orc zombie (Ossuary)
  2 quokka zombies (Ossuary)
  3 rats
  8 rat zombies (Ossuary)
268 creatures vanquished.

Vanquished Creatures (others)
  A jelly (D:7)
  An orc (D:4)
  A quokka (D:8)
  16 plants
19 creatures vanquished.

Grand Total: 287 creatures vanquished

Notes
Turn   | Place    | Note
-------+----------+-------------------------------------------
     0 | D:5      | Esekla the Octopode Delver began the quest for the Orb.
     0 | D:5      | Reached XP level 1. HP: 16/16 MP: 1/1
    72 | D:5      | Noticed an orc wizard
    91 | D:5      | Reached XP level 2. HP: 10/21 MP: 2/2
    97 | D:5      | Found a staircase to the Ecumenical Temple.
   107 | Temple   | Entered the Ecumenical Temple
   107 | Temple   | Found a transporter.
   107 | Temple   | Found a transporter.
   111 | Temple   | Found a transporter.
   111 | Temple   | Found a transporter.
   177 | D:5      | Reached skill level 7 in Stealth
   177 | D:5      | Reached XP level 3. HP: 9/26 MP: 2/4
   336 | D:5      | Learned a level 3 spell: Ozocubu's Armour
   406 | Temple   | Became a worshipper of Gozag Ym Sagoz the Greedy
   488 | D:5      | Noticed an ice beast
   559 | D:4      | Noticed Grinder
   691 | D:4      | Reached XP level 4. HP: 29/31 MP: 5/5
   784 | D:3      | Found a faded altar of an unknown god.
   791 | D:3      | Reached skill level 1 in Ice Magic
   931 | D:2      | Noticed Natasha
   938 | D:2      | Killed Natasha
   977 | D:2      | Reached skill level 1 in Spellcasting
  1020 | D:2      | Noticed Natasha
  1024 | D:2      | Killed Natasha
  1025 | D:2      | Reached XP level 5. HP: 35/36 MP: 6/6
  1968 | D:2      | Reached skill level 8 in Stealth
  2011 | D:2      | Noticed Natasha
  2031 | D:2      | Killed Natasha
  2214 | D:2      | Reached skill level 1 in Short Blades
  2230 | D:2      | Reached XP level 6. HP: 43/43 MP: 6/8
  2406 | D:2      | Found a runed translucent door.
  2407 | D:2      | Noticed Crazy Yiuf
  3022 | D:3      | Identified the +5 chain mail of the Trout {rCorr}
  3134 | D:3      | Found a glowing silver altar of Zin.
  3488 | D:4      | Killed Grinder
  3489 | D:4      | Reached skill level 9 in Stealth
  3489 | D:4      | Reached XP level 7. HP: 19/48 MP: 5/10
  3629 | D:4      | Found a hide-covered altar of Uskayaw.
  4084 | D:5      | Noticed Edmund
  4102 | D:5      | Killed Edmund
  4103 | D:5      | Reached XP level 8. HP: 13/54 MP: 8/11
  4328 | D:5      | Noticed Duvessa
  4334 | D:5      | Noticed Dowan
  4365 | D:5      | Killed Duvessa
  4748 | D:5      | Found a hazy altar of Hepliaklqana.
  4810 | D:5      | Killed Dowan
  5105 | D:6      | Reached skill level 5 in Fighting
  5236 | D:6      | Identified the +5 mace of Lulouris {antimagic, Fragile
                  | rF++}
  5350 | D:6      | Reached XP level 9. HP: 61/61 MP: 12/14
  5828 | D:6      | Reached skill level 10 in Stealth
  5920 | D:6      | Noticed Pikel
  6053 | D:6      | Killed Pikel
  6281 | D:6      | Reached skill level 1 in Transmutations
  6281 | D:6      | Reached skill level 1 in Earth Magic
  6335 | D:6      | Bought a pitted spear for 216 gold pieces
  6335 | D:6      | Identified the +11 spear of Duah Cer {freeze, rF+ Int+2}
                  | (You bought it in a shop on level 6 of the Dungeon)
  6450 | D:6      | Reached skill level 5 in Dodging
  6562 | D:7      | Reached skill level 5 in Long Blades
  6845 | D:7      | Noticed a cyclops
  6870 | D:7      | Killed a cyclops
  6871 | D:7      | Reached skill level 5 in Ice Magic
  7052 | D:7      | Reached XP level 10. HP: 66/68 MP: 13/16
  7568 | D:8      | Found a blossoming altar of Fedhas.
  7759 | D:8      | Found a sand-covered staircase.
  7831 | Ossuary  | Entered an ossuary
  8420 | D:8      | Found a white marble altar of Elyvilon.
  8769 | D:9      | Noticed a kobold demonologist
  8770 | D:9      | Noticed a kobold demonologist
  8885 | D:9      | Found Bohis's Antique Armour Shop.
  8973 | D:9      | Reached skill level 5 in Spellcasting
  8980 | D:9      | Noticed a kobold demonologist
  9049 | D:9      | Noticed a kobold demonologist
  9086 | D:9      | Killed a kobold demonologist
  9091 | D:9      | Noticed an orange demon
  9093 | D:9      | Killed a kobold demonologist
  9098 | D:9      | Killed a kobold demonologist
  9102 | D:9      | Killed a kobold demonologist
  9103 | D:9      | Reached skill level 5 in Short Blades
  9753 | D:2      | Killed Crazy Yiuf
 10022 | D:10     | Entered Level 10 of the Dungeon
 10024 | D:10     | Reached XP level 11. HP: 74/74 MP: 19/19
 10233 | D:10     | Noticed a two-headed ogre
 10236 | D:10     | Killed a two-headed ogre
 10546 | D:10     | Found Caeqoafe's Distillery.
 10551 | D:10     | Bought a potion of berserk rage for 70 gold pieces
 10551 | D:10     | Bought 2 potions of lignification for 84 gold pieces
 10551 | D:10     | Bought a potion of heal wounds for 70 gold pieces
 10626 | D:10     | Found a staircase to the Lair.
 10875 | D:10     | Reached skill level 1 in Throwing
 11122 | D:10     | Found a staircase to the Orcish Mines.
 11171 | D:10     | Killed from afar by an acid dragon

Illustrated notes

Levels and vault maps discovered:
D:1:      lemuel_arrival_cross, layout_basic, minmay_lizard_king
D:2:      layout_loops_ring, uniq_crazy_yiuf_cottage, uniq_natasha
D:3:      kennysheep_slugbush, layout_loops_ring, mainiacjoe_overflow_24_doors,
          hellmonk_ecumenical_altar_slurped_away, minivault_24
D:4:      layout_cave_pools, eat_drink_and_be_merry_uskayaw, dk_noncrumbling_3,
          chequers_big_river, uniq_grinder
D:5:      layout_loops_ring, worldfamousw_hep_ancestral_shrine,
          minmay_temple_entry_antechambers, uniq_duvessa, uniq_edmund, uniq_ijyb
D:6:      layout_basic, minmay_misc_feat_five, uniq_pikel
D:7:      layout_loops_ring
D:8:      layout_loops_cross, fedhas_altar_1, elyvilon_altar_4,
          gup_ossuary_entry_pyramid
D:9:      layout_cave_pools, serial_shops,
          nicolae_shop_competitors_out_of_business
D:10:     layout_roguey, erik_lair_orcish_takeover, orc_0_dummy, serial_shops,
          shop
Temple:   hellmonk_temple_divided_pantheon

Skill      XL: |  1  2  3  4  5  6  7  8  9 10 11 |
---------------+----------------------------------+-----
Stealth        | 7 8 9 10 | 10.0
Ice Magic      | 1 2 3 5 6 |  6.4
Spellcasting   | 1 2 3 4 5 6 |  6.2
Short Blades   | 1 2 3 4 5 |  5.4
Long Blades    | 3 4 5 6 |  6.2
Fighting       | 4 5 6 |  6.9
Dodging        | 3 4 5 6 7 |  7.2
Transmutations | 1 3 |  3.7
Earth Magic    | 1 3 4 |  4.0
Throwing       | 1 |  1.0
Polearms       | |  0.1

Action                     |  1- 3 |  4- 6 |  7- 9 | 10-12 || total
---------------------------+-------+-------+-------+-------++-------
  Melee: Falchion          |    16 |       |       |       ||    16
         Tentacles         |     7 |    24 |    79 |   148 ||   258
         Constrict         |     6 |    26 |    42 |    68 ||   142
         Dagger            |    13 |   139 |   303 |   448 ||   903
         Punch             |       |     1 |     8 |    12 ||    21
         Spear             |       |       |     9 |       ||     9
         Scimitar          |       |       |       |    28 ||    28
  Throw: Dart              |       |       |    14 |    11 ||    25
   Cast: Ozocubu's Armour  |       |     2 |    24 |    30 ||    56
 Invoke: Call Merchant     |       |       |     1 |       ||     1
  Evoke: Wand              |       |       |       |     1 ||     1
    Use: Scroll            |     2 |       |       |     3 ||     5
         Potion            |       |       |     4 |     3 ||     7
   Stab: Sleeping          |     1 |    41 |    12 |    25 ||    79
         Distracted        |       |     3 |     3 |       ||     6
 Armour: Skin              |     6 |    22 |   115 |   137 ||   280
  Dodge: Dodged            |    23 |    55 |   208 |   275 ||   561

Table legend: (Time is in decaauts)
 A = Elapsed time spent in this place.
 B = Non-inter-level travel time spent in this place.
 C = Inter-level travel time spent in this place.
 D = Time resting spent in this place.
 E = Time spent auto-exploring this place.
 F = Levels seen in this place.
 G = Mean time per level.
                   A        B        C        D        E       F      G
               +--------+--------+--------+--------+--------+-----+--------+
         Total |  10970 |  10265 |    705 |   1982 |   3740 |  12 |  914.2 |
       Dungeon |  10451 |   9756 |    695 |   1937 |   3695 |  10 | 1045.1 |
        Temple |     84 |     74 |     10 |      9 |      0 |   1 |   84.0 |
       Ossuary |    435 |    435 |      0 |     36 |     45 |   1 |  435.0 |
               +--------+--------+--------+--------+--------+-----+--------+

Top non-repeatable levels by time:
     D:5: 1679 daAuts
     D:6: 1540 daAuts
     D:2: 1243 daAuts
     D:3: 1016 daAuts
     D:9: 959 daAuts
    D:10: 931 daAuts
     D:8: 903 daAuts
     D:7: 803 daAuts
     D:1: 786 daAuts
     D:4: 587 daAuts
 Ossuary: 435 daAuts
  Temple: 84 daAuts
